 Dungeon Crawl Stone Soup version 0.31.0-11-ge490571c62 (webtiles) character file.

Game seed: 4827557879787923679

79936 Flugkiller the Eclecticist (level 15, -3/73 HPs)
             Began as a Vine Stalker Ice Elementalist on Feb 3, 2024.
             Was a High Priest of Sif Muna.
             Slain by a demonic crawler (6 damage)
             ... on level 2 of the Spider Nest.
             The game lasted 01:15:23 (8840 turns).

Flugkiller the Eclecticist (VSIE)                   Turns: 8840, Time: 01:15:23

Health: -3/73      AC:  9    Str: 10    XL:     15   Next: 31%
Magic:  0/53       EV: 15    Int: 24    God:    Sif Muna [*****.]
Gold:   1525       SH:  0    Dex: 23    Spells: 13/44 levels left

rFire   + . .        l - +2 shortbow of Jusyar {freeze, rPois rF- Str-3 Dex+9}
rCold   + . .        (shield currently unavailable)
rNeg    . . .        a - +2 robe {rC+ rF+}
rPois   +            P - +1 helmet {Int+3}
rElec   .            v - +0 cloak
rCorr   .            (no gloves)
SInv    .            c - +0 pair of boots
Will    +....        Y - amulet of magic regeneration
Stlth   +++          Z - ring of magical power
HPRegen 1.12/turn    K - ring "Cufauty" {rF+ MP+9}
MPRegen 0.73/turn

%: guardian spirit
@: ice-armoured, corroded, hasted, very quick
A: fangs 3, regeneration 1, magic shield, antimagic bite, no potion heal 2
a: Renounce Religion, Channel Magic, Forget Spell, Divine Exegesis


You were on level 2 of the Spider Nest.
You worshipped Sif Muna.
Sif Muna was extremely pleased with you.
You visited 5 branches of the dungeon, and saw 22 of its levels.
You also visited: Bailey.

You collected 2203 gold pieces.
You spent 678 gold pieces at shops.

Inventory:

Hand Weapons
 j - a +5 short sword
   (You took it off a kobold brigand on level 7 of the Dungeon)
 l - the +2 shortbow of Jusyar (weapon) {freeze, rPois rF- Str-3 Dex+9}
   (You found it on level 12 of the Dungeon)

   Str-3:     It affects your strength (-3).
   Dex+9:     It affects your dexterity (+9).
   rF-:       It makes you vulnerable to fire.
   rPois:     It protects you from poison
 E - a +1 vampiric war axe
   (You took it off a kobold in a bailey)
 F - a +0 great sword
   (You found it on level 5 of the Dungeon)
 H - a +2 morningstar of holy wrath
   (You found it in a bailey)
 Q - a +0 demon trident of electrocution
   (You found it on level 5 of the Lair of Beasts)
 X - the +6 shillelagh "Devastator" {shatter}
   (You found it on level 10 of the Dungeon)
Missiles
 y - a throwing net
Armour
 a - a +2 robe of resistance (worn)
   (You took it off an orc sorcerer on level 2 of the Orcish Mines)
 c - a +0 pair of boots (worn)
   (You found it on level 3 of the Dungeon)
 v - a +0 cloak (worn)
   (You found it on level 1 of the Dungeon)
 N - the +0 ring mail of Wu Jian's Condemnation {rN+ Dex+3}
   (You found it on level 10 of the Dungeon)

   Dex+3:     It affects your dexterity (+3).
   rN+:       It protects you from negative energy.
 P - a +1 helmet of intelligence (worn)
   (You found it on level 11 of the Dungeon)
Magical Staves
 J - a staff of conjuration
   (You found it on level 9 of the Dungeon)
Jewellery
 f - a ring of protection from fire
   (You found it on level 2 of the Lair of Beasts)
 i - a ring of see invisible
   (You found it on level 3 of the Dungeon)
 m - a ring of willpower
   (You found it on level 9 of the Dungeon)
 p - a ring of protection from cold
   (You found it on level 5 of the Dungeon)
 K - the ring "Cufauty" (right hand) {rF+ MP+9}
   (You found it on level 3 of the Dungeon)

   [ring of protection from fire]

   rF+:       It protects you from fire.
   MP+9:      It affects your magic capacity (+9).
 L - a ring of fire
   (You found it on level 9 of the Dungeon)
 O - a +6 ring of dexterity
   (You found it on level 3 of the Lair of Beasts)
 S - a ring of flight
   (You found it on level 4 of the Lair of Beasts)
 Y - an amulet of magic regeneration (around neck)
   (You bought it in a shop on level 2 of the Orcish Mines)
 Z - a ring of magical power (left hand)
   (You bought it in a shop on level 2 of the Orcish Mines)
Talismans
 x - a flux talisman
   (You found it on level 5 of the Dungeon)
Wands
 s - a wand of flame (27)
   (You took it off Eustachio on level 6 of the Dungeon)
 z - a wand of charming (17)
   (You found it on level 8 of the Dungeon)
 R - a wand of polymorph (5)
   (You found it on level 5 of the Lair of Beasts)
Scrolls
 e - 3 scrolls of poison
 o - a scroll of revelation
 t - 6 scrolls of teleportation
 w - a scroll of torment
 D - 5 scrolls of vulnerability
 T - 4 scrolls of amnesia
 W - a scroll of fog
Potions
 b - a potion of magic
 d - 5 potions of might
 g - 6 potions of enlightenment
 h - 3 potions of haste
 k - a potion of cancellation
 n - 3 potions of brilliance
 q - 2 potions of curing
 A - a potion of lignification {unknown}
 C - a potion of ambrosia {unknown}
 U - 3 potions of attraction
Miscellaneous
 V - a phial of floods (inert)
   (You found it on level 4 of the Lair of Beasts)


   Skills:
 - Level 6.0 Fighting
 - Level 4.0 Dodging
 - Level 2.4 Stealth
 - Level 15.0 Spellcasting
 - Level 8.0 Conjurations
 - Level 12.0 Summonings
 - Level 5.0 Translocations
 - Level 10.0 Ice Magic
 - Level 3.0 Air Magic
 + Level 4.4 Earth Magic
 + Level 9.3 Invocations
 - Level 4.0 Evocations


You had 13 spell levels left.
You knew the following spells:

 Your Spells              Type           Power      Damage    Failure   Level
a - Freeze                Ice            100%       1d10      1%          1
b - Frozen Ramparts       Ice            100%       1d16      1%          3
c - Ozocubu's Armour      Ice            60%        N/A       1%          3
d - Summon Ice Beast      Ice/Summ       63%        N/A       1%          3
e - Freezing Cloud        Conj/Ice/Air   25%        6-21      4%          5
f - Summon Cactus Giant   Summ           33%        N/A       3%          6
g - Passage of Golubria   Tloc           42%        N/A       4%          4
h - Summon Mana Viper     Hex/Summ       46%        N/A       8%          5
q - Apportation           Tloc           84%        N/A       1%          1

Your spell library contained the following spells:

 Spells                   Type           Power      Damage    Failure   Level
 Kiss of Death            Conj/Necr      100%       2d13      1%          1
 Sting                    Conj/Alch      100%       1d9       1%          1
 Summon Small Mammal      Summ           100%       N/A       1%          1
 Gell's Gravitas          Tloc           42%        N/A       1%          3
 Teleport Other           Tloc           42%        N/A       1%          3
 Mercury Vapours          Alch/Air       50%        N/A       2%          2
 Mephitic Cloud           Conj/Alch/Air  35%        N/A       2%          3
 Iskenderun's Mystic Bla  Conj/Tloc      49%        2d11      2%          4
 Martyr's Knell           Necr/Summ      46%        N/A       2%          4
 Necrotise                Necr           72%        1d7       3%          1
 Cigotuvi's Dreadful Rot  Necr/Alch/Air  44%        N/A       3%          2
 Volatile Blastmotes      Fire/Tloc      60%        2d15      3%          3
 Scorch                   Fire           36%        2d6       4%          2
 Manifold Assault         Tloc           42%        N/A       4%          4
 Flame Wave               Conj/Fire      37%        2d10      6%          4
 Fulminant Prism          Conj/Alch      18%        3d10      6%          4
 Confusing Touch          Hex            18%        N/A       10%         3
 Fugue of the Fallen      Necr           18%        N/A       10%         3
 Inner Flame              Hex/Fire       18%        N/A       10%         3
 Tukima's Dance           Hex            18%        N/A       10%         3
 Metabolic Englaciation   Hex/Ice        21%        N/A       11%         5
 Dispel Undead            Necr           18%        3d11      30%         4
 Ignite Poison            Fire/Alch      18%        N/A       30%         4
 Sticky Flame             Fire/Alch      18%        2d6       30%         4
 Bombard                  Conj/Erth      23%        9d4       36%         6
 Dispersal                Tloc           21%        N/A       52%         6
 Yara's Violent Unravell  Hex/Alch       9%         3d6       65%         5
 Death Channel            Necr           9%         N/A       99%         6
 Discord                  Hex            9%         N/A       100%        8
 Ignition                 Fire           9%         3d5       100%        8
 Shatter                  Erth           19%        3d18*     100%        9


Dungeon Overview and Level Annotations

Branches:
Dungeon (12/15) Zot: 26353  Temple (1/1) D:7 Zot: 5961    Lair (5/5) D:11 Zot: 25267
 Spider (2/4) Lair:3 Zot: 11750   Slime (0/5) Lair:5          Orc (2/2) D:10 Zot: 10642
 Bailey (visited)
  Swamp: Lair:2-3    Shoals: Lair:2-3       Elf: Orc:2

Altars:
Ashenzari
Cheibriados
Dithmenos
Elyvilon
Fedhas
Hepliaklqana
Kikubaaqudgha
Makhleb
Nemelex Xobeh
Okawaru
Qazlal
Ru
Sif Muna
Trog
Uskayaw
Vehumet
Wu Jian
Xom
Yredelemnul
Zin
The Shining One
Jiyva

Shops:
D:3 ?!   Orc:2 =*=*(

Portals:
Pandemonium: Orc:2

Annotations:
D:4 1 runed translucent door, phunky83's ghost, amateur DsGl
D:10 exclusion: downstairs
Lair:4 Snorg


Innate Abilities, Weirdness & Mutations

You have razor-sharp teeth.
Your natural rate of healing is unusually fast.
When hurt, damage is shared between your health and your magic reserves.
Your bite disrupts and absorbs the magic of your enemies.
Potions cannot restore your health.


Message History

The entropy weaver hits you but does no damage.
The entropy weaver barely misses you. The entropy weaver hits you.
* * * LOW HITPOINT WARNING * * *
The entropy weaver misses you.
The demonic crawler is engulfed in freezing vapours.
Aiming: Iceblast
Press: ? - help, Shift-Dir - straight line The mass of ice explodes!
The iceblast engulfs the entropy weaver!
The entropy weaver is almost dead.
The now-empty wand crumbles to dust.
The demonic crawler gives a hideous shriek!
The entropy weaver barely misses you. x2; The entropy weaver hits you.
* * * LOW HITPOINT WARNING * * *
The entropy weaver hits you.
* * * LOW HITPOINT WARNING * * *
The entropy weaver barely misses you.
The entropy weaver hits you but does no damage. x2
The entropy weaver hits you!
* * * LOW HITPOINT WARNING * * *
Your cactus giant is engulfed in freezing vapours.
Okay, then.
Casting: Ozocubu's Armour (safe; 1% risk of failure)
Confirm with . or Enter, or press ? or * to list all spells.
Aiming: Freezing Cloud (dangerous; 4% risk of failure)
Press: ? - help, Dir - move target, f - entropy weaver
Aim: an entropy weaver (almost dead)
You are engulfed in freezing vapours.
You resist.
* * * LOW HITPOINT WARNING * * *
A tarantella comes into view.
The demonic crawler is struck by your cactus giant's spines.
The demonic crawler hits your cactus giant!
The demonic crawler hits your cactus giant. x2
The entropy weaver is engulfed in freezing vapours.
You kill the entropy weaver!
Sif Muna accepts your kill.
Your cactus giant is engulfed in freezing vapours.
You destroy your cactus giant!
Your cactus giant disappears in a puff of smoke!
Unknown command.
Your icy armour cracks and falls away as you move.
Casting: Freezing Cloud (dangerous; 4% risk of failure)
Confirm with . or Enter, or press ? or * to list all spells.
Aiming: Freezing Cloud (dangerous; 4% risk of failure)
Press: ? - help, Dir - move target, f - demonic crawler
Aim: a demonic crawler (heavily wounded, wandering, blind, unable to see you, hasn't noticed you)
The demonic crawler is no longer blind.
The demonic crawler is engulfed in freezing vapours. x2
As you read the scroll of torment, it crumbles to dust.
Your body is wracked with pain!
* * * LOW HITPOINT WARNING * * *
The tarantella convulses!
You feel less invigorated.
The demonic crawler is engulfed in freezing vapours.
Aiming: Charm
Press: ? - help, Shift-Dir - straight line, f/p - demonic crawler
Aim: a demonic crawler (freezing vapour, severely wounded, chance to affect: 25%)
Okay, then.
Unknown command.
Casting: Freezing Cloud (dangerous; 4% risk of failure)
Confirm with . or Enter, or press ? or * to list all spells.
A film of ice covers your body!
The demonic crawler is engulfed in freezing vapours.
The demonic crawler hits you but does no damage.
The demonic crawler barely misses you.
The demonic crawler hits you but does no damage.
Casting: Ozocubu's Armour (safe; 1% risk of failure)
Confirm with . or Enter, or press ? or * to list all spells.
A mana viper appears with a sibilant hiss.
The demonic crawler is engulfed in freezing vapours.
The demonic crawler hits you.
* * * LOW HITPOINT WARNING * * *
The demonic crawler hits you.
* * * LOW HITPOINT WARNING * * *
The demonic crawler completely misses you.
The demonic crawler hits you!
* * * LOW HITPOINT WARNING * * *
The demonic crawler completely misses you.
The demonic crawler hits you.
* * * LOW HITPOINT WARNING * * *
Unknown command.
Unknown command.
Okay, then.
Aiming: Throw Flame
Press: ? - help, Shift-Dir - straight line, f/p - demonic crawler
Aim: a demonic crawler (freezing vapour, severely wounded, 86% to hit)
The puff of flame hits the demonic crawler.
The demonic crawler is severely wounded.
You hear a sizzling sound!
The demonic crawler hits you.
* * * LOW HITPOINT WARNING * * *
The demonic crawler closely misses you. The demonic crawler barely misses you.
Your mana viper is engulfed in freezing vapours.
Your mana viper bites the tarantella!
The tarantella barely misses your mana viper.
Okay, then.
You feel yourself speed up.
Your mana viper is engulfed in freezing vapours.
Your mana viper closely misses the tarantella.
The demonic crawler hits you!
You die...

############
#..^........# ######
...#..§..§.^###.....
.....☼§#§§.###.^....
<.....§§§#......^...
#....☼§§§§s@#^..#
.#...#○§§§§....†##
#....##§○S§#....#
.^.......§§s...<.#
#..^#...#.#......#
......#.#.......##
.^....#.....####
..#.......#
.^......#


You could see a demonic crawler, a tarantella (distracted, ally target) and a
friendly mana viper (summoned).

Vanquished Creatures
  A spark wasp (Spider:1)
  An entropy weaver (Spider:2)
  5 hydras
  2 catoblepae (Lair:5)
  A deep troll shaman (Lair:5)
  A two-headed ogre (D:9)
  4 orc high priests (Orc:2)
  13 death yaks
  3 nameless horrors
  2 skysharks (Lair:5)
  An orc knight (Orc:2)
  A manticore (D:12)
  3 orc sorcerers (Orc:2)
  A wolf spider (Lair:3)
  11 elephants
  A kobold blastminer (Orc:2)
  7 black mambas
  A torpor snail (Lair:5)
  4 cane toads
  4 rime drakes
  2 unseen horrors
  5 komodo dragons
  3 trolls
  Prince Ribbit (D:6)
  9 blink frogs
  2 polar bears (Lair:5)
  A dream sheep (Lair:5)
  3 jumping spiders
  2 wraiths (D:11)
  A shadow (D:11)
  7 basilisks
  2 wyverns
  31 yaks
  Eustachio (D:6)
  2 redbacks
  A chaos spawn (Orc:2)
  5 water moccasins
  19 orc warriors
  2 black bears
  2 ogres (D:11)
  A swamp drake (D:10)
  8 centaurs
  19 wolves
  A kobold brigand (D:7)
  6 bullfrogs
  7 scorpions
  2 electric eels
  2 howler monkeys (D:7)
  14 orc priests
  4 hounds
  2 iguanas (D:5)
  5 orc wizards
  A gnoll (D:7)
  4 adders
  A shadow imp (D:8)
  A white imp (D:7)
  4 ufetubi
  2 dart slugs
  2 ribbon worms
  46 orcs
  6 endoplasms
  2 giant cockroaches
  4 goblins
  A hobgoblin (D:4)
  3 jackals (D:3)
  19 kobolds
  2 quokkas
  2 ball pythons
  A bat (D:3)
340 creatures vanquished.

Vanquished Creatures (collateral kills)
  3 hydras
  2 demonspawn (Orc:2)
  A death yak (Lair:5)
  A two-headed ogre (D:12)
  A boulder beetle (D:12)
  An orc high priest (Orc:2)
  2 wolf spiders
  3 orc knights (Orc:2)
  A manticore (D:12)
  3 orc sorcerers (Orc:2)
  An orange demon (Orc:2)
  A torpor snail (Lair:5)
  An elephant (Lair:3)
  3 gargoyles
  3 cane toads
  2 komodo dragons
  3 rime drakes
  An ice devil (Orc:2)
  A red devil (Orc:2)
  3 trolls
  2 tarantellas (Spider:1)
  3 blink frogs
  A polar bear (Lair:1)
  2 jumping spiders
  2 wyverns
  2 shadows
  3 culicivoras (Spider:1)
  A wraith (D:9)
  11 yaks
  A warg (Orc:2)
  A steam dragon (D:7)
  2 vampire mosquitoes (D:12)
  5 redbacks
  An acid dragon (D:8)
  4 water moccasins
  A nameless horror (Spider:2)
  A black bear (Lair:2)
  16 orc warriors
  2 ogres
  A wolf (Lair:5)
  A kobold brigand (D:6)
  4 bullfrogs
  4 orc priests
  3 orc wizards
  6 gnolls
  11 orcs
  A hobgoblin (Bailey)
  10 kobolds
139 creatures vanquished.

Vanquished Creatures (others)
  A death yak (Lair:5)
1 creature vanquished.

Grand Total: 480 creatures vanquished

Notes
Turn   | Place    | Note
-------+----------+-------------------------------------------
     0 | D:1      | Flugkiller the Vine Stalker Ice Elementalist began the
                  | quest for the Orb.
     0 | D:1      | Reached XP level 1. HP: 9/9 MP: 4/4
   135 | D:3      | Found Lelimp's Magic Scroll Shop.
   157 | D:3      | Reached XP level 2. HP: 6/13 MP: 3/6
   229 | D:4      | Noticed phunky83's ghost (amateur DsGl)
   233 | D:4      | Reached XP level 3. HP: 16/16 MP: 8/8
   252 | D:4      | Reached skill level 3 in Spellcasting
   273 | D:3      | Identified the ring "Cufauty" {rF+ MP+9}
   342 | D:3      | Learned a level 3 spell: Frozen Ramparts
   350 | D:3      | Found Qaseicha's Distillery.
   537 | D:4      | Learned a level 3 spell: Ozocubu's Armour
   557 | D:4      | Found a runed translucent door.
   575 | D:4      | Noticed a phantom
   726 | D:4      | Noticed an ogre
   790 | D:4      | Reached XP level 4. HP: 21/21 MP: 10/10
   791 | D:4      | Found an iron altar of Okawaru.
   834 | D:5      | Entered Level 5 of the Dungeon
   834 | D:5      | Noticed a scorpion
   840 | D:5      | Killed a scorpion
   841 | D:5      | Reached skill level 5 in Ice Magic
   841 | D:5      | Reached XP level 5. HP: 24/24 MP: 11/11
   853 | D:5      | Reached skill level 4 in Spellcasting
   939 | D:5      | Learned a level 3 spell: Summon Ice Beast
   957 | D:5      | Reached XP level 6. HP: 28/28 MP: 13/13
  1024 | D:5      | Reached skill level 5 in Spellcasting
  1135 | D:6      | Noticed Eustachio
  1142 | D:6      | Killed Eustachio
  1143 | D:6      | Reached XP level 7. HP: 27/32 MP: 15/16
  1195 | D:6      | Reached skill level 6 in Spellcasting
  1231 | D:6      | Noticed Prince Ribbit
  1241 | D:6      | Killed Prince Ribbit
  1242 | D:6      | Gained mutation: You have razor-sharp teeth. [Vine Stalker
                  | growth]
  1242 | D:6      | Reached XP level 8. HP: 30/36 MP: 7/18
  1327 | D:6      | Reached skill level 7 in Spellcasting
  1564 | D:7      | Found a staircase to the Ecumenical Temple.
  1573 | Temple   | Entered the Ecumenical Temple
  1592 | Temple   | Became a worshipper of Sif Muna the Loreminder
  1687 | D:7      | Reached skill level 1 in Fighting
  1687 | D:7      | Reached skill level 1 in Invocations
  1784 | D:7      | Learned a level 5 spell: Freezing Cloud
  1816 | D:8      | Noticed a yak
  1816 | D:8      | Noticed a yak
  1817 | D:8      | Noticed a yak
  1820 | D:8      | Noticed a yak
  1833 | D:8      | Killed a yak
  1834 | D:8      | Reached skill level 1 in Conjurations
  1834 | D:8      | Reached skill level 1 in Air Magic
  1834 | D:8      | Reached XP level 9. HP: 41/41 MP: 10/21
  1932 | D:8      | Found a flagged portal.
  1941 | Bailey   | Entered a bailey
  1989 | Bailey   | Reached * piety under Sif Muna
  2000 | Bailey   | Reached skill level 5 in Conjurations
  2129 | Bailey   | Reached skill level 8 in Spellcasting
  2301 | D:9      | Noticed an unseen horror
  2359 | D:9      | Noticed a two-headed ogre
  2361 | D:9      | Noticed a troll
  2376 | D:9      | Killed a troll
  2377 | D:9      | Reached XP level 10. HP: 45/45 MP: 7/23
  2457 | D:9      | Killed a two-headed ogre
  2458 | D:9      | Reached skill level 9 in Spellcasting
  2582 | D:9      | Killed an unseen horror
  2692 | D:10     | Entered Level 10 of the Dungeon
  2744 | D:10     | Reached skill level 10 in Spellcasting
  2744 | D:10     | Reached ** piety under Sif Muna
  2846 | D:10     | Identified the +0 ring mail of Wu Jian's Condemnation {rN+
                  | Dex+3}
  2849 | D:10     | Noticed an unseen horror
  2864 | D:10     | Killed an unseen horror
  2997 | D:11     | Reached skill level 5 in Invocations
  3124 | D:11     | Reached XP level 11. HP: 48/52 MP: 10/26
  3287 | D:11     | Noticed a skeletal warrior
  3287 | D:11     | Noticed a skeletal warrior
  3287 | D:11     | Noticed a skeletal warrior
  3288 | D:11     | Noticed a skeletal warrior
  3288 | D:11     | Noticed a skeletal warrior
  3626 | D:11     | Found a staircase to the Lair.
  3631 | Lair:1   | Entered Level 1 of the Lair of Beasts
  3663 | Lair:1   | Reached *** piety under Sif Muna
  3756 | Lair:1   | Reached skill level 5 in Fighting
  3782 | Lair:1   | HP: 2/55 [poisoned by a black mamba]
  3787 | Lair:1   | HP: 2/55 [poisoned by a black mamba]
  3995 | Lair:1   | Noticed a death yak
  3996 | Lair:1   | Noticed a death yak
  3997 | Lair:1   | Noticed a death yak
  4022 | Lair:1   | Noticed a death yak
  4022 | Lair:1   | Noticed a death yak
  4023 | Lair:1   | Killed a death yak
  4024 | Lair:1   | Reached skill level 11 in Spellcasting
  4024 | Lair:1   | Reached XP level 12. HP: 60/60 MP: 3/28
  4025 | Lair:1   | Killed a death yak
  4026 | Lair:1   | Killed a death yak
  4029 | Lair:1   | Killed a death yak
  4032 | Lair:1   | Killed a death yak
  4033 | Lair:1   | Reached skill level 12 in Spellcasting
  4142 | Lair:3   | Reached skill level 1 in Summonings
  4151 | Lair:3   | Reached skill level 1 in Evocations
  4315 | Lair:3   | You fall into a shaft and drop 2 floors!
  4315 | Lair:5   | Entered Level 5 of the Lair of Beasts
  4319 | Lair:5   | Noticed an eight-headed hydra
  4329 | Lair:5   | Killed an eight-headed hydra
  4336 | Lair:5   | Noticed a five-headed hydra
  4343 | Lair:5   | Killed a five-headed hydra
  4373 | Lair:5   | Learned a level 1 spell: Apportation
  4382 | Lair:5   | Noticed an eight-headed hydra
  4391 | Lair:5   | Killed an eight-headed hydra
  4419 | Lair:5   | Reached skill level 1 in Translocations
  4497 | Lair:5   | Noticed a skyshark
  4498 | Lair:5   | Noticed a death yak
  4498 | Lair:5   | Noticed a death yak
  4498 | Lair:5   | Noticed a death yak
  4498 | Lair:5   | Noticed a death yak
  4505 | Lair:5   | Killed a skyshark
  4514 | Lair:5   | Noticed a death yak
  4516 | Lair:5   | Killed a death yak
  4531 | Lair:5   | Killed a death yak
  4532 | Lair:5   | Reached skill level 13 in Spellcasting
  4532 | Lair:5   | Reached XP level 13. HP: 65/65 MP: 16/31
  4568 | Lair:5   | Found a staircase to the Slime Pits.
  4568 | Lair:5   | Found a viscous altar of Jiyva.
  4688 | Lair:5   | Reached **** piety under Sif Muna
  4734 | Lair:5   | Reached skill level 10 in Ice Magic
  4865 | Lair:5   | Reached skill level 5 in Translocations
  4980 | Lair:5   | Got an earthy gem with 2344 turns to spare
  5056 | Lair:5   | Reached skill level 14 in Spellcasting
  5174 | Lair:5   | Reached skill level 5 in Summonings
  5509 | Lair:4   | Noticed Snorg
  5522 | Lair:4   | Reached XP level 14. HP: 62/70 MP: 18/33
  5547 | Lair:4   | Learned a level 6 spell: Summon Cactus Giant
  6114 | Lair:3   | Found a hole to the Spider Nest.
  6329 | Lair:2   | Reached skill level 10 in Summonings
  6483 | Lair:2   | Reached ***** piety under Sif Muna
  6581 | Lair:1   | Learned a level 4 spell: Passage of Golubria
  6925 | D:12     | Identified the +2 shortbow of Jusyar {freeze, rPois rF-
                  | Str-3 Dex+9}
  7153 | D:10     | Found the +6 shillelagh "Devastator" {shatter}
  7157 | D:10     | Received a gift from Sif Muna
  7214 | D:10     | Found a staircase to the Orcish Mines.
  7255 | Orc:1    | Entered Level 1 of the Orcish Mines
  7381 | Orc:2    | Entered Level 2 of the Orcish Mines
  7635 | Orc:2    | Found Lofof's General Store.
  7638 | Orc:2    | Found Rakiam's General Store.
  8091 | Orc:2    | Received a gift from Sif Muna
  8093 | Orc:2    | Reached skill level 15 in Spellcasting
  8093 | Orc:2    | Reached skill level 1 in Earth Magic
  8093 | Orc:2    | Reached XP level 15. HP: 60/73 MP: 17/35
  8125 | Orc:2    | Paralysed by an orc sorcerer for 3 turns
  8128 | Orc:2    | Got Sif Muna's Grimoire of Coarse Anathema {god gift}
  8137 | Orc:2    | Learned a level 5 spell: Summon Mana Viper
  8201 | Orc:2    | Found Habbaloc's Jewellery Shoppe.
  8201 | Orc:2    | Found Wilo's Antique Weapon Emporium.
  8201 | Orc:2    | Found a one-way gate leading to the halls of Pandemonium.
  8217 | Orc:2    | Bought an amulet of magic regeneration for 330 gold pieces
  8222 | Orc:2    | Bought a ring of magical power for 220 gold pieces
  8259 | Orc:2    | Bought a potion of cancellation for 128 gold pieces
  8362 | Orc:2    | Found Tuqun's Jewellery Shop.
  8597 | Spider:1 | Entered Level 1 of the Spider Nest
  8839 | Spider:2 | HP: 2/73 [demonic crawler (3)]
  8840 | Spider:2 | Slain by a demonic crawler

Illustrated notes

Levels and vault maps discovered:
D:1:      spicycebolla_arrival_ecumenical, layout_basic
D:2:      layout_basic, uniq_jessica
D:3:      layout_basic, serial_shops, shop, shop,
          nicolae_shop_industrial_runoff, shop, kennysheep_generic_room_6
D:4:      layout_rooms, kennysheep_okawaru_gauntlet,
          hellmonk_ghost_happy_afterlife
D:5:      layout_loops_ring
D:6:      layout_basic, serial_shops, nicolae_shop_back_alley_shop, uniq_pikel,
          uniq_eustachio, uniq_prince_ribbit1
D:7:      cheibrodos_helix_gallery, layout_loops_ring, temple_pool_b,
          kennysheep_diamond
D:8:      layout_cave_pools, marbit_many_paths, enter_bailey_6
D:9:      layout_cave_pools
D:10:     layout_cave_pools, erik_orc_1, serial_rivers,
          chequers_serial_rivers_room_b, chequers_serial_rivers_large_b,
          chequers_serial_rivers_micro_c, chequers_serial_rivers_micro_b,
          serial_bayou_lagoon_b
D:11:     layout_roguey [special_room_orc], erik_lair_dragon
D:12:     layout_small_grid
Temple:   nicolae_temple_slightly_damp_pantheon
Lair:1:   layout_chaotic_city, grunt_megastairs_3, uniq_sonja
Lair:2:   layout_gridlike, nicolae_quartered_pool_super, st_stairs_10
Lair:3:   layout_regular_city, mainiacjoe_swamp_entry_angry_trees,
          spider_nest_entry_a, nicolae_lair_run_with_the_wolves,
          serial_bayou_shore_b
Lair:4:   layout_regular_city, nicolae_lair_grove_arrangements, uniq_snorg
Lair:5:   grunt_lair_end_beastmaster, layout_loops_ring, slime_entry_1,
          minmay_shattered_shrine, lemuel_fruit_tree, grunt_megastairs_4,
          serial_bayou_shore_b
Spider:1: layout_spider_delve
Spider:2: gammafunk_boulding_lane, uniq_arachne
Orc:1:    dreamdust_dug_too_deep, layout_caves
Orc:2:    pf_orc_diabolical, layout_caves, serial_shops,
          nicolae_shop_just_a_little_nook

Skill      XL: |  1  2  3  4  5  6  7  8  9 10 11 12 13 14 15 |
---------------+----------------------------------------------+-----
Spellcasting   | 3 4 5 6 7 8 10 11 13 14 15 | 15.0
Ice Magic      | 5 6 7 8 9 10 | 10.0
Fighting       | 1 3 5 6 |  6.0
Invocations    | 2 5 8 9 |  9.3
Conjurations   | 1 6 7 8 |  8.0
Air Magic      | 1 3 |  3.0
Dodging        | 4 |  4.0
Summonings     | 2 7 12 | 12.0
Evocations     | 4 |  4.0
Translocations | 2 5 |  5.0
Earth Magic    | 1 4 |  4.4
Stealth        | |  2.4

Action                     |  1- 3 |  4- 6 |  7- 9 | 10-12 | 13-15 || total
---------------------------+-------+-------+-------+-------+-------++-------
  Melee: Short sword       |    55 |    50 |    59 |       |       ||   164
         Bite              |    14 |    13 |    17 |     7 |    37 ||    88
         Unarmed           |     1 |       |       |       |       ||     1
         Punch             |     1 |       |     3 |       |       ||     4
         Great sword       |       |       |     2 |    27 |    90 ||   119
         Morningstar       |       |       |       |     8 |       ||     8
         Demon trident     |       |       |       |       |    11 ||    11
   Fire: Shortbow          |       |       |       |       |    69 ||    69
   Cast: Freeze            |    16 |     9 |     6 |    10 |    20 ||    61
         Frozen Ramparts   |     1 |     9 |    21 |    16 |    12 ||    59
         Ozocubu's Armour  |       |     3 |     6 |    15 |    11 ||    35
         Summon Ice Beast  |       |     1 |    24 |    38 |    35 ||    98
         Freezing Cloud    |       |       |     2 |    63 |    92 ||   157
         Summon Cactus Gia |       |       |       |       |    57 ||    57
         Apportation       |       |       |       |       |    12 ||    12
         Summon Mana Viper |       |       |       |       |    14 ||    14
 Invoke: Channel Magic     |       |       |       |     8 |    10 ||    18
  Evoke: Wand              |       |       |     3 |     1 |    13 ||    17
         Phial of floods   |       |       |       |       |     1 ||     1
    Use: Scroll            |     7 |       |     1 |     9 |     8 ||    25
         Potion            |       |       |     1 |       |     2 ||     3
   Stab: Sleeping          |     5 |     1 |       |       |       ||     6
         Distracted        |       |       |       |       |     1 ||     1
 Armour: Robe              |    30 |    34 |    81 |    79 |   275 ||   499
  Dodge: Dodged            |    43 |    38 |    74 |    53 |   219 ||   427
